 Dungeon Crawl Stone Soup version 0.29.1-13-g9f3cf754e1 (console) character file.

Game seed: 14994923366288622139

555 thromnambular the Trooper (level 7, -1/88 HPs)
             Began as a Palentonga Abyssal Knight on Feb 8, 2023.
             Was an Elder of Lugonu.
             Succumbed to a scorpion's poison
             ... on level 5 of the Dungeon.
             The game lasted 00:12:15 (4751 turns).

thromnambular the Trooper (PaAK)                    Turns: 4751, Time: 00:12:16

Health: -1/88      AC:  7    Str: 18    XL:     7   Next: 8%
Magic:  10/10      EV:  8    Int: 11    God:    Lugonu [****..]
Gold:   148        SH:  0    Dex: 12    Spells: 6/6 levels left

rFire   . . .      SeeInvis +   a - +1 hand axe (chaos)
rCold   . . .      Faith    .   (no shield)
rNeg    + . .      Spirit   .   j - +0 ring mail
rPois   .          Reflect  .   l - +0 helmet
rElec   .          Harm     .   (no cloak)
rCorr   .          Rampage  .   (no gloves)
Will    .....                   (no barding)
Stlth   ..........              (no amulet)
HPRegen 0.24/turn               n - ring of positive energy
MPRegen 0.12/turn               (no ring)

@: berserking, lethally poisoned (-1 -> -26), very quick
A: large, rugged brown scales 3, see invisible, deformed body, roll 2, armoured
tail, reflexive curl, screaming 1
a: Rolling Charge, Renounce Religion, Depart the Abyss, Bend Space, Banish,
Corrupt


You were on level 5 of the Dungeon.
You worshipped Lugonu.
Lugonu was greatly pleased with you.
You visited 1 branch of the dungeon, and saw 5 of its levels.
You visited the Abyss 1 time.

You collected 148 gold pieces.

Inventory:

Hand Weapons
 a - a +1 hand axe of chaos (weapon)
 c - the +10 shortbow of Vionle {vorpal, rElec rF+}
   (You found it on level 5 of the Dungeon)

   Any ammunition fired from it inflicts extra damage upon your enemies.
   rF:        It protects you from fire.
   rElec:     It insulates you from electricity.
Missiles
 s - a throwing net
Armour
 j - a +0 ring mail (worn)
 l - a +0 helmet (worn)
Jewellery
 n - a ring of positive energy (left hand)
Wands
 p - a wand of acid (8)
Scrolls
 b - a scroll of teleportation
 i - a scroll of enchant weapon {unknown}
 k - a scroll of amnesia {unknown}
 q - a scroll of poison
Potions
 d - a potion of resistance
 e - 2 potions of flight
 f - a potion of haste
 h - a potion of might {unknown}
 m - a potion of lignification
 o - a potion of berserk rage
 r - 2 potions of curing {unknown}
 u - 2 potions of invisibility {unknown}


   Skills:
 + Level 5.0 Fighting
 + Level 3.9 Axes
 + Level 3.1 Armour
 - Level 0.7 Dodging
 + Level 4.8 Invocations


You had 6 spell levels left.
You didn't know any spells.
Your spell library contained the following spells:

 Spells                   Type           Power      Damage    Failure   Level
 Confusing Touch          Hex            0%         N/A       88%         3
 Anguish                  Hex/Necr       0%         N/A       99%         4
 Cause Fear               Hex            0%         N/A       99%         4
 Olgreb's Toxic Radiance  Pois           0%         N/A       99%         4


Dungeon Overview and Level Annotations

Branches:
Dungeon (5/15)             Temple (0/1) D:4

Altars:
Trog

Shops:
D:2 (

Annotations:
D:3 3 runed translucent doors, billybob123456's ghost, weakling OgGl


Innate Abilities, Weirdness & Mutations

You are completely covered in rugged brown scales. (AC +3, +7% HP)
You have supernaturally acute eyesight. (SInv)
Armour fits poorly on your strangely shaped body.
You can roll at foes to attack.
You have a long armoured tail.
You curl defensively after being hit. (AC +7*)
You occasionally shout uncontrollably at your foes.


Message History

You hit the scorpion but do no damage.
You feel very sick. The scorpion stings you.
You hit the scorpion but do no damage.
The scorpion goes berserk!
You feel sick. The scorpion stings you.
The scorpion stings you but does no damage.
You hit the scorpion. You freeze the scorpion.
The scorpion is lightly wounded.
You feel sick. The scorpion barely misses you. The scorpion stings you.
You hit the scorpion.
Space warps around the scorpion.
The scorpion is moderately wounded.
You feel sick. The scorpion stings you.
You are more poisoned.
The scorpion poisons you! The scorpion closely misses you.
You slash the scorpion! You burn the scorpion.
You tail-slap the scorpion, but do no damage.
The scorpion is severely wounded.
You feel very sick. The scorpion stings you!
You are lethally poisoned!
The scorpion poisons you!
The scorpion stings you but does no damage.
You hit the scorpion.
The scorpion is almost dead.
* * * LOW HITPOINT WARNING * * *
You feel very sick. The scorpion closely misses you. The scorpion stings you!
* * * LOW HITPOINT WARNING * * *
You are more poisoned.
The scorpion poisons you!
A red film seems to cover your vision as you go berserk!
You feel yourself moving faster!
You feel mighty!
* * * LOW HITPOINT WARNING * * *
You feel extremely sick. The scorpion barely misses you.
The scorpion completely misses you.
You hit the scorpion. You burn the scorpion.
You kill the scorpion!
Lugonu accepts your kill.
You can now corrupt the fabric of space.
You die...

#.....#
#.....#
##....#
#.....#
#....#
#######
###....#
####......#
......#....#
...........#
....####...#
.... #@..#
... #...# ..
.....+
##...##
..... ....?.
.......
.........


There were no monsters in sight!

Vanquished Creatures
  A black bear (D:5)
  A phantom (D:5)
  Blork the orc (D:4)
  A scorpion (D:5)
  3 jellies
  An orc wizard (D:4)
  3 adders
  4 gnolls
  A white imp (D:5)
  2 worms (D:3)
  3 dart slugs
  9 orcs
  7 ball pythons
  12 bats
  10 endoplasms
  2 giant cockroaches
  7 goblins
  7 hobgoblins
  3 jackals (D:1)
  13 kobolds
  4 quokkas
  3 frilled lizards
  7 rats
105 creatures vanquished.

Vanquished Creatures (others)
  3 fungi (D:1)
3 creatures vanquished.

Grand Total: 108 creatures vanquished

Notes
Turn   | Place    | Note
-------+----------+-------------------------------------------
     0 | Abyss:1  | thromnambular the Palentonga Abyssal Knight began the quest
                  | for the Orb.
     0 | Abyss:1  | Reached XP level 1. HP: 19/19 MP: 2/2
    19 | D:1      | Escaped the Abyss
    98 | D:1      | Reached XP level 2. HP: 22/25 MP: 3/3
   632 | D:1      | Found a faded altar of an unknown god.
   639 | D:1      | Reached XP level 3. HP: 31/31 MP: 5/5
   866 | D:1      | Reached *** piety under Lugonu
  1604 | D:2      | Reached XP level 4. HP: 33/39 MP: 6/6
  1908 | D:2      | Found Nuephid's Antique Weapon Boutique.
  1984 | D:3      | Reached skill level 4 in Fighting
  2003 | D:3      | Found a runed translucent gate.
  2004 | D:3      | Found a runed translucent gate.
  2005 | D:3      | Found a runed translucent gate.
  2007 | D:3      | Noticed billybob123456's ghost (weakling OgGl)
  2262 | D:3      | Gained mutation: You occasionally shout uncontrollably at
                  | your foes. [potion of mutation]
  2262 | D:3      | Gained mutation: You are strong-willed. (Will+) [potion of
                  | mutation]
  2262 | D:3      | Lost mutation: You are strong-willed. (Will+) [potion of
                  | mutation]
  2262 | D:3      | Gained mutation: You can roll at foes to attack. [potion of
                  | mutation]
  2526 | D:3      | Found a bloodstained altar of Trog.
  2536 | D:3      | Reached **** piety under Lugonu
  2978 | D:4      | Reached XP level 5. HP: 44/44 MP: 7/7
  3059 | D:4      | Got the Teachings on Viperous Interference
  3751 | D:4      | Noticed Blork the orc
  3764 | D:4      | Killed Blork the orc
  3765 | D:4      | Reached XP level 6. HP: 52/52 MP: 9/9
  4103 | D:4      | Found a staircase to the Ecumenical Temple.
  4275 | D:5      | Entered Level 5 of the Dungeon
  4532 | D:5      | Identified the +10 shortbow of Vionle {vorpal, rElec rF+}
  4670 | D:5      | Reached skill level 5 in Fighting
  4670 | D:5      | Gained mutation: You curl defensively after being hit. (AC
                  | +7*) [Palentonga growth]
  4670 | D:5      | Reached XP level 7. HP: 51/59 MP: 10/10
  4750 | D:5      | HP: 4/88 [poisoned by a scorpion]
  4751 | D:5      | Succumbed to a scorpion's poison

Illustrated notes

Levels and vault maps discovered:
D:1:      roderic_chinese_lattice_arrival, layout_rooms,
          shapermc_ecumenical_altar_ellora, hangedman_feature_mirror,
          minmay_fountain_box, grunt_decor_cap
D:2:      layout_rooms, serial_shops, nicolae_shop_behind_doors
D:3:      layout_basic, trog_antimagical, gammafunk_ghost_necromancy
D:4:      layout_basic, minmay_temple_entry_fiery, minmay_misc_feat_square,
          uniq_blork_the_orc
D:5:      layout_basic, nicolae_overflow_squiral, serial_shops,
          nicolae_stop_n_shop_2

Skill      XL: |  1  2  3  4  5  6 |
---------------+-------------------+-----
Invocations    | 3 4 |  4.8
Fighting       | 4 5 |  5.0
Armour         | 2 3 |  3.1
Axes           | 3 |  3.9
Dodging        | |  0.7

Action                   |  1- 3 |  4- 6 |  7- 9 || total
-------------------------+-------+-------+-------++-------
Melee: Hand axe          |   126 |   166 |    11 ||   303
       Tailslap          |    13 |    19 |     2 ||    34
       Punch             |     1 |       |       ||     1
Invok: Bend Space        |     1 |     1 |       ||     2
       Banish            |       |     1 |       ||     1
 Abil: Rolling Charge    |     1 |     3 |       ||     4
Evoke: Wand              |       |     8 |       ||     8
  Use: Potion            |     3 |     3 |     1 ||     7
       Scroll            |       |    12 |       ||    12
Armor: Leather armour    |    33 |       |       ||    33
       Ring mail         |    51 |   115 |     4 ||   170
       Skin              |       |     5 |       ||     5
Dodge: Dodged            |    72 |    85 |     7 ||   164
